 Dungeon Crawl Stone Soup version 0.28-a0-845-gfc338a8e3c (webtiles) character file.

Game seed: 12230829795876510580

5422 ders the Geomancer (level 10, -3/53 HPs)
             Began as a Gargoyle Earth Elementalist on Nov 13, 2021.
             Was a High Priest of Vehumet.
             Slain by a wyvern (7 damage)
             ... on level 9 of the Dungeon.
             The game lasted 00:25:23 (11743 turns).

ders the Geomancer (Gargoyle Earth Elementalist)   Turns: 11743, Time: 00:25:24

Health: -3/53      AC: 10    Str: 12    XL:     10   Next: 67%
Magic:  22/22      EV: 11    Int: 19    God:    Vehumet [*****.]
Gold:   609        SH:  0    Dex: 10    Spells: 15/25 levels left

rFire   + + .      SeeInvis .   B - staff of conjuration
rCold   . . .      Faith    .   (no shield)
rNeg    + . .      Spirit   .   b - +1 robe
rPois   ∞          Reflect  .   (no helmet)
rElec   +          Harm     .   (no cloak)
rCorr   .          Rampage  .   (no gloves)
Will    ++...                   (no boots)
Stlth   +.........              j - amulet of Waife {RegenMP rF++ Will++}
HPRegen 0.17/turn               (no ring)
MPRegen 0.43/turn               (no ring)

@: confused, ambrosia-drunk, studying Fighting, invisible
A: sickness immunity, AC +7, negative energy resistance 1, electricity
resistance, torment resistance 1, petrification resistance
a: Renounce Religion


You were on level 9 of the Dungeon.
You worshipped Vehumet.
Vehumet was extremely pleased with you.
You visited 2 branches of the dungeon, and saw 10 of its levels.
You also visited: Sewer.

You collected 642 gold pieces.
You spent 33 gold pieces at shops.

Inventory:

Hand Weapons
 i - a +1 dagger of venom
Missiles
 c - 304 stones
Armour
 b - a +1 robe (worn)
Magical Staves
 B - a staff of conjuration (weapon)
Jewellery
 j - the amulet of Waife (around neck) {RegenMP rF++ Will++}
   (You acquired it on level 5 of the Dungeon)

   [amulet of magic regeneration]

   It increases your rate of magic regeneration.
   rF:        It greatly protects you from fire.
   Will:      It greatly increases your willpower.
 t - a ring of ice
 v - an amulet of reflection
 y - a ring of flight
 z - a +6 ring of strength
 A - a ring of willpower
Wands
 a - a wand of flame (44)
 p - a wand of iceblast (8)
Scrolls
 g - a scroll of amnesia
 k - a scroll of fog
 l - 2 scrolls of holy word {unknown}
 m - 5 scrolls of teleportation
 o - 2 scrolls of enchant armour
 u - a scroll of immolation {unknown}
 w - a scroll of magic mapping
 x - a scroll of fear {unknown}
Potions
 d - a potion of flight
 f - 4 potions of might
 h - a potion of attraction
 n - a potion of brilliance
 q - a potion of cancellation {unknown}
 s - a potion of curing


   Skills:
 + Level 2.2 Fighting
 - Level 1.5 Dodging
 - Level 2.1 Stealth
 + Level 8.2 Spellcasting
 * Level 9.2 Conjurations
 + Level 0.7 Transmutations
 * Level 6.5 Fire Magic
 + Level 9.2 Earth Magic


You had 15 spell levels left.
You knew the following spells:

 Your Spells              Type           Power      Damage    Failure   Level
a - Sandblast             Erth           84%        2d18      1%          1
b - Stone Arrow           Conj/Erth      100%       3d13      1%          3
c - Foxfire               Conj/Fire      100%       2x1d9     1%          1
d - Fireball              Conj/Fire      27%        3d12      2%          5

Your spell library contained the following spells:

 Spells                   Type           Power      Damage    Failure   Level
 Iskenderun's Mystic Bla  Conj/Tloc      38%        2d9       3%          4
 Passwall                 Tmut/Erth      21%        N/A       1%          2
 Iskenderun's Battlesphe  Conj           59%        2d11      1%          5
 Poisonous Vapours        Pois/Air       14%        N/A       4%          2
 Sting                    Tmut/Pois      36%        1d4       8%          1
 Petrify                  Tmut/Erth      26%        N/A       12%         4
 Corpse Rot               Necr/Air       14%        N/A       14%         2
 Olgreb's Toxic Radiance  Pois           7%         N/A       22%         4
 Summon Guardian Golem    Hex/Summ       7%         N/A       26%         3
 Borgnjor's Vile Clutch   Necr/Erth      12%        N/A       36%         5
 Orb of Destruction       Conj           29%        9d11      38%         7
 Conjure Ball Lightning   Conj/Air       19%        3x3d6     45%         6
 Dispel Undead            Necr           7%         3d8       65%         4
 Alistair's Intoxication  Tmut/Pois      6%         N/A       91%         5
 Spellforged Servitor     Conj/Summ      19%        N/A       93%         7
 Eringya's Noxious Bog    Tmut/Pois      4%         N/A       94%         6
 Death Channel            Necr           3%         N/A       100%        6


Dungeon Overview and Level Annotations

Branches:
Dungeon (9/15)             Temple (1/1) D:4           Sewer (visited)
   Lair: D:8-11         Orc: D:9-12

Altars:
Ashenzari
Cheibriados
Dithmenos
Elyvilon
Fedhas
Gozag
Hepliaklqana
Kikubaaqudgha
Makhleb
Nemelex Xobeh
Okawaru
Qazlal
Ru
Sif Muna
Trog
Uskayaw
Vehumet
Wu Jian
Xom
Zin

Shops:
D:1 [   D:4 !?   D:7 [(*!   D:8 *(


Innate Abilities, Weirdness & Mutations

You are immune to sickness and miasma.
Your stone body is resilient. (AC +7)
You are immune to poison.
You resist negative energy. (rN+)
You are resistant to electric shocks. (rElec)
You are resistant to unholy torment.
You are immune to petrification.


Message History

The killer bee stings you.
The killer bee stings you but does no damage. x2
Unknown command.
The killer bee stings you but does no damage. x3
The killer bee stings you. The killer bee misses you.
The killer bee stings you! The killer bee stings you.
The killer bee barely misses you.
The killer bee stings you but does no damage.
The killer bee barely misses you. The killer bee closely misses you.
The wyvern bites you but does no damage.
The killer bee stings you. The killer bee misses you.
The killer bee stings you but does no damage. x2
Your magical contamination has completely faded away.
The wyvern bites you. The killer bee closely misses you.
The killer bee completely misses you. The wyvern bites you!
Unknown command.
You are confused.
You feel invigorated. The killer bee stings you.
* * * LOW HITPOINT WARNING * * *
The killer bee closely misses you.
The wyvern bites you but does no damage.
The killer bee closely misses you. The killer bee barely misses you.
The killer bee misses you. The killer bee stings you.
* * * LOW HITPOINT WARNING * * *
The killer bee stings you.
* * * LOW HITPOINT WARNING * * *
The killer bee stings you.
* * * LOW HITPOINT WARNING * * *
The killer bee barely misses you.
You fade into invisibility!
The killer bee stings you.
* * * LOW HITPOINT WARNING * * *
The killer bee barely misses you. x2; The killer bee closely misses you.
The killer bee barely misses you. x2
You are too confused!
You bump into the rock wall.
The killer bee misses you. The killer bee barely misses you.
The killer bee closely misses you. The wyvern bites you!
You die...

#..........†..
.......####.[...........
.<......#..#.............
........#..#......†......
........#..#..Y..........
........#.....K..........
.........................
.........lyy.............
..........@yy............
........####.............
........#..#.............
........#..#.............
........#..#....[.......
........#..#...........
........#..#..........
.<......#..#.........
####.......################


You could see a yak, a wyvern, 4 killer bees and a kobold.

Vanquished Creatures
  Eustachio (D:6)
  Grum (D:8)
  5 water moccasins
  An orc warrior (D:8)
  2 sky beasts
  2 black bears
  A necrophage (D:7)
  2 ogres
  2 wolves (D:8)
  2 phantoms (D:5)
  A centaur (D:7)
  2 kobold brigands
  3 bullfrogs
  3 gnoll sergeants (D:8)
  A water moccasin skeleton (D:5)
  A water moccasin zombie (D:6)
  3 wyvern skeletons
  7 wights (D:8)
  5 killer bees
  7 howler monkeys
  12 electric eels
  3 jellies
  A centaur zombie (D:6)
  15 hounds
  A gnoll shaman (D:8)
  4 orc priests
  2 iguanas (D:5)
  3 orc wizards
  2 hound skeletons (D:4)
  A howler monkey zombie (D:8)
  29 gnolls
  A howler monkey skeleton (D:7)
  8 adders
  3 white imps
  An ufetubus (D:7)
  A worm (D:5)
  A dart slug (D:1)
  28 orcs
  5 bats
  7 endoplasms
  2 giant cockroaches
  43 goblins
  31 hobgoblins
  9 jackals
  2 quokkas
  12 ball pythons
  3 frilled lizards
  18 kobolds
  7 rats
307 creatures vanquished.

Vanquished Creatures (collateral kills)
  A foxfire (D:7)
1 creature vanquished.

Vanquished Creatures (others)
  492 foxfires
  25 plants (D:7)
517 creatures vanquished.

Grand Total: 825 creatures vanquished

Notes
Turn   | Place    | Note
-------+----------+-------------------------------------------
     0 | D:1      | ders the Gargoyle Earth Elementalist began the quest for
                  | the Orb.
     0 | D:1      | Reached XP level 1. HP: 10/10 MP: 3/3
   295 | D:1      | Reached XP level 2. HP: 15/15 MP: 1/5
   425 | D:1      | Found Benunuag's Antique Armour Shoppe.
  1242 | D:2      | Reached XP level 3. HP: 19/19 MP: 4/7
  1537 | D:2      | Reached XP level 4. HP: 23/24 MP: 6/8
  1563 | D:2      | Reached skill level 5 in Earth Magic
  1775 | D:2      | Learned a level 3 spell: Stone Arrow
  2556 | D:3      | Reached XP level 5. HP: 24/28 MP: 7/10
  2740 | D:3      | Noticed an ogre
  2800 | D:3      | Reached skill level 1 in Conjurations
  2800 | D:3      | Killed an ogre
  3179 | D:4      | Found Uduwn's Distillery.
  3260 | D:4      | Reached XP level 6. HP: 32/32 MP: 9/12
  3316 | D:4      | Found a staircase to the Ecumenical Temple.
  3375 | Temple   | Entered the Ecumenical Temple
  3471 | Temple   | Became a worshipper of Vehumet
  3972 | D:4      | Found Mat Xofa's Magic Scroll Emporium.
  3980 | D:4      | Bought a scroll of teleportation for 33 gold pieces
  4227 | D:5      | Entered Level 5 of the Dungeon
  4228 | D:5      | Identified a scroll of acquirement
  4230 | D:5      | Acquired a book of the Spheres
  4233 | D:5      | Noticed a sky beast
  4240 | D:5      | Killed a sky beast
  4241 | D:5      | Reached XP level 7. HP: 30/37 MP: 3/14
  4447 | D:5      | Reached skill level 5 in Spellcasting
  4452 | D:5      | Found a glowing drain.
  4462 | Sewer    | Entered a sewer
  4627 | Sewer    | Reached * piety under Vehumet
  4627 | Sewer    | Offered knowledge of Foxfire by Vehumet.
  4663 | Sewer    | Learned a level 1 spell: Foxfire
  4669 | Sewer    | Learned a level 5 spell: Fireball
  4726 | Sewer    | Reached skill level 1 in Fighting
  4851 | D:5      | Reached skill level 1 in Fire Magic
  5070 | D:5      | Acquired the amulet of Waife {RegenMP rF++ Will++}
  5085 | D:5      | Reached XP level 8. HP: 43/43 MP: 6/16
  5929 | D:6      | Found a snail-covered altar of Cheibriados.
  5933 | D:6      | Found a sacrificial altar of Ru.
  6078 | D:6      | Reached skill level 5 in Conjurations
  6267 | D:6      | Reached ** piety under Vehumet
  6389 | D:6      | Offered knowledge of Static Discharge by Vehumet.
  6515 | D:6      | Reached XP level 9. HP: 48/48 MP: 13/18
  6863 | D:6      | Noticed Eustachio
  6868 | D:6      | Offered knowledge of Dazzling Flash by Vehumet.
  6875 | D:6      | Killed Eustachio
  6970 | D:6      | Reached *** piety under Vehumet
  7869 | D:7      | Offered knowledge of Airstrike by Vehumet.
  7957 | D:7      | Reached skill level 5 in Fire Magic
  8535 | D:7      | Reached **** piety under Vehumet
  8708 | D:7      | Reached XP level 10. HP: 53/53 MP: 14/20
  8868 | D:7      | Found Kuagukh's Weapon Shop.
  8946 | D:7      | Found Vesut's Antique Armour Shop.
  9553 | D:7      | Found Otoyregu's Assorted Antiques.
  9640 | D:7      | Found Atsour's Distillery.
  9777 | D:7      | Offered knowledge of Lightning Bolt by Vehumet.
 10561 | D:8      | Found Onle's Antique Weapon Boutique.
 10587 | D:8      | Found an ornate altar of the Wu Jian Council.
 10590 | D:8      | Found a bloodstained altar of Trog.
 10652 | D:8      | Noticed Grum
 10661 | D:8      | Killed Grum
 10764 | D:8      | Reached ***** piety under Vehumet
 10916 | D:8      | Offered knowledge of Iskenderun's Mystic Blast by Vehumet.
 11161 | D:8      | Found Niosenni's General Store.
 11741 | D:9      | HP: 1/53 [killer bee (5)]
 11743 | D:9      | Slain by a wyvern

Illustrated notes

Levels and vault maps discovered:
D:1:      scummos_arrival_forest, layout_basic, serial_shops, shop
D:2:      layout_rooms
D:3:      layout_loops_corners, minmay_ogre_servants
D:4:      layout_basic, minmay_temple_entry_water_ring, serial_shops,
          nicolae_stop_n_shop_2, shop_statue, grunt_decor_clamped,
          dk_noncrumbling_3, minmay_manual_mail
D:5:      layout_basic, cheibrodos_sewer_entry_drain,
          chequers_serial_rivers_micro_c
D:6:      minmay_goblin_kobold_castle, layout_loops_corners, minitemple,
          grunt_ministairs_14, uniq_eustachio
D:7:      layout_basic, serial_shops, shop, shop,
          nicolae_shop_overgrown_old_shop, nicolae_lakefront_shop, serial_bayou,
          serial_bayou_pond_b, serial_bayou_lake_a, serial_bayou_pond_e,
          serial_bayou_pond_e, fountainhead
D:8:      layout_cave_pools, nicolae_overflow_hidden_temple, serial_gnoll_camp,
          gnoll_camp_mini_hut, grums_kennel, gnoll_camp_huts_basic,
          gnoll_camp_mini_shop, gnoll_camp_mini_shop, gnoll_camp_mini_loothouse,
          chequers_serial_rivers_large_b
D:9:      layout_grid_maze, minmay_lair_entry_grove
Temple:   compressed_dpeg_circular_temple

Skill      XL: |  1  2  3  4  5  6  7  8  9 10 |
---------------+-------------------------------+-----
Earth Magic    | 4 5 6 7 8 9 |  9.2
Spellcasting   | 3 4 5 6 7 8 |  8.2
Conjurations   | 1 2 3 5 8 9 |  9.2
Fighting       | 1 2 |  2.2
Fire Magic     | 1 3 5 6 |  6.5
Dodging        | |  1.5
Stealth        | |  2.1
Transmutations | |  0.7

Action                   |  1- 3 |  4- 6 |  7- 9 | 10-12 || total
-------------------------+-------+-------+-------+-------++-------
Melee: Dagger            |     2 |     1 |    12 |       ||    15
 Cast: Sandblast         |    42 |    99 |    47 |    58 ||   246
       Stone Arrow       |       |     4 |    48 |    23 ||    75
       Foxfire           |       |       |   312 |     9 ||   321
       Fireball          |       |       |       |    28 ||    28
  Use: Scroll            |     4 |     3 |     2 |     6 ||    15
       Potion            |     3 |     1 |     1 |     3 ||     8
Armor: Robe              |     5 |    40 |    30 |    48 ||   123
       Skin              |       |       |    24 |       ||    24
Dodge: Dodged            |    10 |    55 |    91 |    55 ||   211

Table legend: (Time is in decaauts)
 A = Elapsed time spent in this place.
 B = Non-inter-level travel time spent in this place.
 C = Inter-level travel time spent in this place.
 D = Time resting spent in this place.
 E = Time spent auto-exploring this place.
 F = Levels seen in this place.
 G = Mean time per level.
                   A        B        C        D        E       F      G
               +--------+--------+--------+--------+--------+-----+--------+
         Total |  11829 |  11482 |    347 |   4141 |   5499 |  11 | 1075.4 |
       Dungeon |  11321 |  11017 |    304 |   3892 |   5376 |   9 | 1257.9 |
        Temple |    122 |     79 |     43 |      0 |     57 |   1 |  122.0 |
         Sewer |    385 |    385 |      0 |    249 |     66 |   1 |  385.0 |
               +--------+--------+--------+--------+--------+-----+--------+

Top non-repeatable levels by time:
     D:7: 2600 daAuts
     D:6: 2151 daAuts
     D:8: 1301 daAuts
     D:3: 1249 daAuts
     D:1: 1237 daAuts
     D:5: 1036 daAuts
     D:4: 928 daAuts
     D:2: 690 daAuts
   Sewer: 385 daAuts
     D:9: 125 daAuts
  Temple: 122 daAuts
